 Dungeon Crawl Stone Soup version 0.25-a0-424-g80bd347 (webtiles) character file.

Game seed: 16317903528200589140, levelgen mode: deterministic

2882 Firecrotchwizard the Cleaver (level 9, -1/80 (81) HPs)
             Began as a Minotaur Berserker on Jan 20, 2020.
             Was an Elder of Trog.
             Slain by a gnoll
             ... wielding a +0 dire flail
              (7 damage)
             ... on level 6 of the Dungeon.
             The game lasted 00:08:45 (5318 turns).

Firecrotchwizard the Cleaver (Minotaur Berserker)   Turns: 5318, Time: 00:08:46

HP:   -1/80 (81)    AC: 18    Str: 22    XL:     9   Next: 48%
MP:   8/8           EV:  9    Int:  6    God:    Trog [****..]
Gold: 267           SH:  0    Dex: 11    Spells: 8/8 levels left

rFire    + . .     SeeInvis .   a - +0 hand axe
rCold    . . .     Gourm    .   (no shield)
rNeg     . . .     Faith    .   v - +4 plate armour of the Volcano {*Drain rPois rF+}
rPois    +         Spirit   .   (helmet restricted)
rElec    .         Reflect  .   (no cloak)
rCorr    .         Harm     .   t - +0 pair of gloves
MR       .....                  (no boots)
Stlth    ..........             (no amulet)
HPRegen  0.23/turn              (no ring)
MPRegen  0.11/turn              (no ring)

@: lethally poisoned (-1 -> -2), berserk cooldown, slowed, very slow
A: retaliatory headbutt, horns 2
a: Berserk, Trog's Hand, Brothers in Arms, Renounce Religion


You were on level 6 of the Dungeon.
You worshipped Trog.
Trog was greatly pleased with you.
You were near starving.

You visited 1 branch of the dungeon, and saw 6 of its levels.

You collected 267 gold pieces.

Inventory:

Hand Weapons
 a - a +0 hand axe (weapon)
 y - a +0 battleaxe
   (You found it on level 6 of the Dungeon)
Missiles
 j - 7 javelins (quivered)
 B - a throwing net {=f, !d}
Armour
 b - a +0 animal skin
 k - a +0 scale mail
   (You found it on level 2 of the Dungeon)
 t - a +0 pair of gloves (worn)
   (You found it on level 4 of the Dungeon)
 v - the +4 plate armour of the Volcano (worn) {*Drain rPois rF+}
   (You found it on level 4 of the Dungeon)

   It protects you from fire.
   It protects you from poison.
   It causes draining when unequipped.
Wands
 o - a wand of flame (20)
   (You found it on level 3 of the Dungeon)
 u - a wand of iceblast (11)
   (You took it off Pikel on level 4 of the Dungeon)
 w - a wand of polymorph (10)
   (You found it on level 6 of the Dungeon)
Scrolls
 d - 7 scrolls of identify {unknown}
 e - a scroll of remove curse {unknown}
 g - 2 scrolls of amnesia {unknown}
 h - 2 scrolls of teleportation {unknown}
 p - 3 scrolls of magic mapping {unknown}
 q - a scroll of fear {unknown}
 r - a scroll of enchant weapon {unknown}
Potions
 f - a potion of haste {unknown}
 i - 2 potions of degeneration {unknown}
 l - 2 potions of curing {unknown}
 m - a potion of magic {unknown}
 n - a potion of brilliance {unknown}
 s - a potion of mutation {unknown}
 x - 2 potions of cancellation {unknown}
 A - a potion of resistance {unknown}
Comestibles
 c - 4 rations
 z - 2 chunks of flesh {@w0}


   Skills:
 + Level 8.0 Fighting
 * Level 10.5 Axes
 + Level 7.4 Armour
 + Level 6.8 Dodging


You had 8 spell levels left.
You didn't know any spells.
Your spell library was empty.

Dungeon Overview and Level Annotations

Branches:
Dungeon (6/15)             Temple (0/1) D:5

Altars:
Cheibriados
Dithmenos
Fedhas
Hepliaklqana
Makhleb
Nemelex Xobeh
Yredelemnul

Annotations:
D:4 1 runed translucent door, zbzbzb's ghost, novice OpTm


Innate Abilities, Weirdness & Mutations

You reflexively headbutt those who attack you in melee.
You have a pair of horns on your head.


Message History

Trog accepts your kill.
A gnoll comes into view. It is wielding a +0 dagger.
You closely miss the gnoll.
You feel sick. The gnoll hits you but does no damage.
You take 1 damage, and have 45/120 hp.
You slash the gnoll! Your headbutt misses the gnoll.
The gnoll hits you but does no damage.
You closely miss the gnoll. The gnoll hits you but does no damage.
You slash the gnoll!
You kill the gnoll!
Trog accepts your kill.
You feel sick.
You take 1 damage, and have 44/120 hp.
The gnoll hits you with a +0 spear.
Items here: ))) †††† You take 5 damage, and have 39/120 hp.
You feel a strong urge to attack something.
A gnoll comes into view.
You are no longer berserk.
You are exhausted.
You feel yourself slow down.
You feel sick. The gnoll hits you but does no damage.
Things that are here:
a +0 club; 19 stones; a gnoll corpse You now have 25/80 hp.
You hit the gnoll.
You feel sick. The gnoll hits you but does no damage.
A gnoll comes into view.
You hit the gnoll but do no damage. Your headbutt misses the gnoll.
You hit the gnoll but do no damage. The gnoll barely misses you.
The gnoll hits you but does no damage.
You slash the gnoll! You hit the gnoll.
You feel sick. The gnoll hits you with a +0 flail.
* * * LOW HITPOINT WARNING * * *
The gnoll barely misses you.
You take 2 damage, and have 23/80 hp.
You slash the gnoll!
You kill the gnoll!
Trog accepts your kill.
You hit the gnoll. You barely miss the gnoll.
You feel sick. The gnoll closely misses you.
The gnoll hits you but does no damage.
A gnoll comes into view.
You take 1 damage, and have 22/80 hp.
You hit the gnoll. Your headbutt misses the gnoll. You barely miss the gnoll.
You hit the gnoll. The gnoll closely misses you.
The gnoll hits you but does no damage. x2
You hit the gnoll but do no damage. You hit the gnoll. x2
The sentinel's mark upon you fades away.
You feel sick.
The gnoll hits you but does no damage. x4
The gnoll closely misses you.
You take 1 damage, and have 22/80 hp.
You hit the gnoll. x3; You feel sick. The gnoll barely misses you.
You furiously retaliate!
You headbutt the gnoll!
You kill the gnoll!
Trog accepts your kill. The gnoll barely misses you. You furiously retaliate!
You headbutt the gnoll!
You kill the gnoll!
Trog accepts your kill. The gnoll hits you but does no damage.
You take 1 damage, and have 21/80 hp.
You hit the gnoll. You headbutt the gnoll. You hit the gnoll but do no damage.
The gnoll barely misses you.
You closely miss the gnoll.
Your plate armour of the Volcano prevents you from hitting the gnoll.
You hit the gnoll.
The gnoll hits you but does no damage. x3
Your plate armour of the Volcano prevents you from hitting the gnoll.
You hit the gnoll but do no damage. You closely miss the gnoll.
You feel sick. The gnoll closely misses you. The gnoll barely misses you.
You furiously retaliate!
You headbutt the gnoll!
You kill the gnoll!
Trog accepts your kill.
The gnoll hits you with a +0 dire flail!
* * * LOW HITPOINT WARNING * * *
You take 8 damage, and have 14/80 hp.
You hit the gnoll.
You headbutt the gnoll, but do no damage.
You slash the gnoll!
You kill the gnoll!
Trog accepts your kill.
You feel sick. The gnoll closely misses you. You furiously retaliate!
You headbutt the gnoll!
You kill the gnoll!
Trog accepts your kill. The gnoll closely misses you.
The gnoll hits you with a +0 dire flail!
* * * LOW HITPOINT WARNING * * *
There is an open door, spattered with blood here.
Things that are here:
a +0 spear; a +0 club; a gnoll corpse You take 8 damage, and have 6/80 hp.
The gnoll hits you but does no damage. The gnoll completely misses you.
The gnoll hits you but does no damage.
Items here: $ ))) [ ††† The gnoll completely misses you.
You slash the gnoll! You headbutt the gnoll.
You kill the gnoll!
Trog accepts your kill.
Your Fighting skill increases to level 8!
You barely miss the gnoll.
You feel sick.
The gnoll hits you with a +0 dire flail!
You die...

# ... ....#+###≈≈....# ..
########.... #.≈≈≈....#
...#......... #.≈≈≈..P.#
≈≈.........# #.≈≈≈..).#
≈≈......)).# #.≈≈≈....# #..).)))#
#.≈≈≈....# ###############)#
#.≈≈≈....# ...'...))†.).))g#
#.≈≈≈....# ..#...)#))..).@#
#.≈≈≈....# #....#.......#
#+###≈≈P...#
#####''''#############...#≈≈....#
.....................#gg.#≈≈....#
≈≈≈≈≈....≈≈≈≈≈≈≈≈≈≈≈≈#####≈≈....#
≈≈≈≈≈....≈≈≈≈≈≈≈≈≈≈≈≈≈≈≈≈≈≈≈....#
≈≈≈≈≈....≈≈≈≈≈≈≈≈≈≈≈≈≈≈≈≈≈≈≈....#
..........................P.....#
.##.#..##...######.#######.###.##


You could see a gnoll.

Vanquished Creatures
  Pikel (D:4)
  Grinder (D:6)
  Prince Ribbit (D:6)
  Sigmund (D:6)
  A slave (D:4)
  A phantom (D:3)
  2 necrophages (D:6)
  2 ogres (D:6)
  2 centaurs (D:5)
  A bullfrog (D:6)
  2 scorpions (D:4)
  5 wights (D:6)
  A howler monkey (D:5)
  2 crimson imps (D:5)
  2 hounds (D:5)
  2 gnoll shamans (D:6)
  A bullfrog skeleton (D:5)
  2 centaur skeletons (D:5)
  An orc wizard (D:4)
  2 worker ants
  2 iguanas
  5 adders
  34 gnolls (D:6)
  An ooze (D:3)
  8 worms
  3 leopard geckos
  12 orcs
  4 ball pythons
  2 bats
  4 giant cockroaches
  10 goblins
  8 hobgoblins
  14 jackals (D:6)
  7 kobolds
  2 quokkas
  4 frilled lizards
  A leopard gecko skeleton (D:4)
  9 rats
163 creatures vanquished.

Notes
Turn   | Place    | Note
-------+----------+-------------------------------------------
     0 | D:1      | Firecrotchwizard the Minotaur Berserker began the quest for
                  | the Orb.
     0 | D:1      | Reached XP level 1. HP: 19/19 MP: 0/0
   214 | D:1      | Reached XP level 2. HP: 27/27 MP: 1/1
   222 | D:1      | Reached skill level 4 in Axes
   715 | D:2      | Found a basalt altar of Yredelemnul.
   780 | D:2      | Reached ** piety under Trog
   797 | D:2      | Found a snail-covered altar of Cheibriados.
   807 | D:2      | Reached skill level 4 in Fighting
   812 | D:2      | Reached XP level 3. HP: 31/33 MP: 2/2
  1173 | D:2      | Reached skill level 3 in Armour
  1718 | D:3      | Reached XP level 4. HP: 32/40 MP: 3/3
  2161 | D:3      | Found a sparkling altar of Nemelex Xobeh.
  2221 | D:4      | Noticed a phantom
  2245 | D:3      | Killed a phantom
  2245 | D:3      | Reached skill level 5 in Axes
  2245 | D:3      | Reached skill level 3 in Dodging
  2245 | D:3      | Reached XP level 5. HP: 38/47 MP: 4/4
  2707 | D:4      | Reached skill level 5 in Fighting
  2707 | D:4      | Reached skill level 6 in Axes
  2707 | D:4      | Reached skill level 4 in Armour
  2707 | D:4      | Reached XP level 6. HP: 39/56 MP: 5/5
  2862 | D:4      | Noticed a slave
  2862 | D:4      | Noticed Pikel
  2884 | D:4      | Killed a slave
  2900 | D:4      | HP: 19/84 [Pikel/+0 whip of freezing (3)]
  2902 | D:4      | Noticed a slave
  2906 | D:4      | Killed Pikel
  2906 | D:4      | Reached skill level 7 in Axes
  2906 | D:4      | Reached skill level 5 in Armour
  2906 | D:4      | Reached skill level 4 in Dodging
  2906 | D:4      | Reached XP level 7. HP: 16/62 MP: 6/6
  3212 | D:4      | Noticed zbzbzb's ghost (novice OpTm)
  3345 | D:4      | Got a faintly humming plate armour
  3360 | D:4      | Identified the +4 plate armour of the Volcano {*Drain rPois
                  | rF+} (You found it on level 4 of the Dungeon)
  3434 | D:4      | Found a runed translucent door.
  3811 | D:5      | Entered Level 5 of the Dungeon
  3832 | D:5      | Reached *** piety under Trog
  3862 | D:5      | Reached skill level 6 in Fighting
  3929 | D:5      | Reached skill level 8 in Axes
  3929 | D:5      | Reached skill level 5 in Dodging
  3929 | D:5      | Reached XP level 8. HP: 44/70 MP: 7/7
  4137 | D:5      | Found a blossoming altar of Fedhas.
  4139 | D:5      | Found a shadowy altar of Dithmenos.
  4139 | D:5      | Found a hazy altar of Hepliaklqana.
  4336 | D:5      | Found a staircase to the Ecumenical Temple.
  4534 | D:6      | Reached skill level 6 in Armour
  4565 | D:6      | Reached skill level 9 in Axes
  4583 | D:6      | Reached skill level 7 in Fighting
  4692 | D:6      | Noticed Sigmund
  4708 | D:6      | Killed Sigmund
  4708 | D:6      | Reached skill level 6 in Dodging
  4735 | D:6      | Found a burning altar of Makhleb.
  4768 | D:6      | Reached XP level 9. HP: 78/78 MP: 8/8
  4931 | D:6      | Reached **** piety under Trog
  4978 | D:6      | Noticed Prince Ribbit
  5008 | D:6      | Killed Prince Ribbit
  5235 | D:6      | Noticed Grinder
  5248 | D:6      | Reached skill level 10 in Axes
  5256 | D:6      | Paralysed by Grinder for 2 turns
  5259 | D:6      | Killed Grinder
  5259 | D:6      | Reached skill level 7 in Armour
  5313 | D:6      | HP: 14/80 [gnoll/+0 dire flail (7)]
  5315 | D:6      | HP: 6/80 [gnoll/+0 dire flail (8)]
  5318 | D:6      | Reached skill level 8 in Fighting
  5318 | D:6      | Slain by a gnoll

Levels and vault maps discovered:
D:1:      dpeg_arrival_ratfight, layout_loops_ring
D:2:      layout_loops_ring, cheibriados_altar_1, kennysheep_another_room,
          lemuel_altar_in_water
D:3:      layout_basic, nemelex_xobeh_ov_fountains_minmay
D:4:      layout_layer_cave, hellmonk_ghost_happy_afterlife, uniq_pikel
D:5:      layout_rooms, grunt_temple_overflow_diamond, lemuel_temple_firewalk_b,
          first_ration
D:6:      lemuel_castle_with_subvaults [lemuel_castle_interior_carwin_3],
          layout_loops_ring, bloody_makhleb, uniq_sigmund, uniq_grinder,
          uniq_prince_ribbit1

Skill      XL: |  1  2  3  4  5  6  7  8  9 |
---------------+----------------------------+-----
Axes           | 4 5 6 7 8 9 10 | 10.5
Fighting       | 4 5 6 7 8 |  8.0
Armour         | 3 4 5 6 7 |  7.4
Dodging        | 3 4 5 6 |  6.8

Action                   |  1- 3 |  4- 6 |  7- 9 || total
-------------------------+-------+-------+-------++-------
Melee: Hand axe          |    98 |   107 |   266 ||   471
       Headbutt          |    15 |    15 |    59 ||    89
Throw: Javelin           |     1 |     3 |     4 ||     8
Invok: Berserk           |       |     1 |     1 ||     2
       Trog's Hand       |       |       |     2 ||     2
  Eat: Chunk             |     3 |     3 |     9 ||    15
Armor: Animal skin       |     7 |       |       ||     7
       Scale mail        |    15 |    40 |     2 ||    57
       Plate armour      |       |       |   191 ||   191
Dodge: Dodged            |    52 |    58 |   120 ||   230

Table legend:
 A = Non-vault XP
 B = Vault XP
 C = Vault XP percentage of total XP
 D = Non-vault monster count
 E = Vault monster count
 F = Vault count percentage of total count
                 A         B        C        D         E       F
            +---------+---------+-------+---------+---------+-------
      Total |    1992 |    2126 |  51.6 |     102 |      60 |  37.0
            +---------+---------+-------+---------+---------+-------
        D:1 |      26 |       5 |  16.1 |      16 |       5 |  23.8
        D:2 |      30 |       0 |   0.0 |      14 |       0 |   0.0
        D:3 |     182 |       0 |   0.0 |      21 |       0 |   0.0
        D:4 |     314 |     617 |  66.3 |      19 |       1 |   5.0
        D:5 |     631 |       0 |   0.0 |      14 |       0 |   0.0
        D:6 |     809 |    1504 |  65.0 |      18 |      54 |  75.0
            +---------+---------+-------+---------+---------+-------

Levels and vault maps discovered:
D:1:      dpeg_arrival_ratfight, layout_loops_ring
D:2:      layout_loops_ring, cheibriados_altar_1, kennysheep_another_room,
          lemuel_altar_in_water
D:3:      layout_basic, nemelex_xobeh_ov_fountains_minmay
D:4:      layout_layer_cave, hellmonk_ghost_happy_afterlife, uniq_pikel
D:5:      layout_rooms, grunt_temple_overflow_diamond, lemuel_temple_firewalk_b,
          first_ration
D:6:      lemuel_castle_with_subvaults [lemuel_castle_interior_carwin_3],
          layout_loops_ring, bloody_makhleb, uniq_sigmund, uniq_grinder,
          uniq_prince_ribbit1

Table legend:
 A = Turns spent in this place as a percentage of turns spent in the entire game.
 B = Non-inter-level travel turns spent in this place as a percentage of non-inter-level travel turns spent in the entire game.
 C = Inter-level travel turns spent in this place as a percentage of turns spent in this place.
 D = Turns resting spent in this place as a percentage of non-inter-level travel turns spent in this place.
 E = Turns spent auto-exploring this place as a percentage of non-inter-level travel turns spent in this place.
 F = Non-inter-level travel turns spent in this place divided by the number of levels of this place that you've seen.
                   A       B       C       D       E      F
               +-------+-------+-------+-------+-------+----------------------
         Total | 100.0 | 100.0 |   1.9 |  19.6 |  59.6 | 869.2
       Dungeon | 100.0 | 100.0 |   1.9 |  19.6 |  59.6 | 869.2
               +-------+-------+-------+-------+-------+----------------------

Table legend:
 A = Kills in this place as a percentage of kills in entire the game.
 B = Kills by you in this place as a percentage of kills by you in the entire game.
 C = Kills by friends in this place as a percentage of kills by friends in the entire game.
 D = Other kills in this place as a percentage of other kills in the entire game.
 E = Experience gained in this place as a percentage of experience gained in the entire game.
 F = Experience gained in this place divided by the number of levels of this place that you have seen.
                   A       B       C       D       E      F
               +-------+-------+-------+-------+-------+----------------------
         Total | 100.0 | 100.0 |   N/A |   N/A | 100.0 | 686.3
       Dungeon | 100.0 | 100.0 |   N/A |   N/A | 100.0 | 686.3
               +-------+-------+-------+-------+-------+----------------------
